 Dungeon Crawl Stone Soup version 0.14-a0-2443-g5aee772 (webtiles) character file.

43884 4tharraofdagon the Imperceptible (level 13, -4/55 HPs)
             Began as a Spriggan Enchanter on Feb 6, 2014.
             Was a Priest of Dithmengos.
             Slain by a merfolk
             ... wielding a +1,+1 trident of venom
              (21 damage)
             ... on Level 5 of the Shoals.
             The game lasted 00:46:42 (5465 turns).

4tharraofdagon the Imperceptible (SpEn)             Turns: 5465, Time: 00:46:42

HP  -4/55        AC  9     Str  8      XL: 13   Next: 92%
MP  11/29        EV 12     Int 16      God: Dithmengos [***...]
Gold 109         SH  0     Dex 21      Spells:  4 memorised, 15 levels left

rFire  . . .     SeeInvis +     r - +9,+10 quick blade
rCold  + . .     Clarity  +     H - +1 elf robe {rC+}
rNeg   . . .     Conserve .     (shield restricted)
rPois  .         rCorr    .     (helmet restricted)
rElec  .         rRot     .     (no cloak)
SustAb . .       Spirit   .     (gloves unavailable)
rMut   .         Warding  .     (boots unavailable)
Saprov . . .     Stasis   .     (no amulet)
MR     ++...                    l - cursed +5 ring of protection
                                A - ring of regeneration

@: invisible, agile, very slightly contaminated, held, wreathed by umbra, very
quick, very resistant to hostile enchantments, uncannily stealthy
A: unfitting armour, horns 1, see invisible, clarity, dopey 1, herbivore 3,
speed 3, low mp 1, shaggy fur 1, slow metabolism 2, spit poison 1
a: Spit Poison, Shadow Step, Renounce Religion


You were on level 5 of the Shoals.
You worshipped Dithmengos.
Dithmengos was most pleased with you.
You were full.

You visited 3 branches of the dungeon, and saw 23 of its levels.

You collected 644 gold pieces.
You spent 535 gold pieces at shops.

Inventory:

Hand weapons
 k - a +1 blowgun
 r - a +9,+10 quick blade (weapon)
Missiles
 d - 6 darts (quivered)
 p - 8 poisoned needles
 E - 5 throwing nets
 R - 9 curare-tipped needles
Armour
 g - a +0 troll leather armour
 H - a +1 elven robe of cold resistance (worn)
Magical devices
 b - a wand of disintegration (13)
 B - a wand of hasting (8)
 J - a wand of paralysis (4)
 M - a wand of cold (6)
Comestibles
 N - an apricot
Scrolls
 i - a scroll of enchant armour
 m - a scroll of teleportation
 o - 3 scrolls of fog
 q - 2 scrolls of amnesia
 s - 8 scrolls of remove curse
 t - a scroll of noise
 u - a scroll of identify
 D - a scroll of vulnerability
 G - a scroll of recharging
 K - a scroll of fear {unknown}
Jewellery
 f - the ring "Khyen" {+Blink rElec SInv}
   (You bought it in a shop on level 2 of the Shoals)

   [ring of see invisible]

   It insulates you from electricity.
   It lets you blink.
 l - a cursed +5 ring of protection (right hand)
 y - an uncursed amulet of stasis
 A - a ring of regeneration (left hand)
 I - an uncursed amulet of resist corrosion {unknown}
Potions
 a - a potion of restore abilities
 e - a potion of porridge
 h - 3 potions of might
 j - a potion of resistance
 n - 5 potions of curing
 w - 2 potions of agility
 z - a potion of brilliance {unknown}
 F - 3 potions of cure mutation
 L - 2 potions of invisibility
 O - a potion of magic
 P - 2 potions of speed
 U - a potion of berserk rage
Books
 c - a book of Maledictions

   Spells                             Type                      Level
   Corona                             Hexes                        1
   Sure Blade                         Hexes/Charms                 2
   *Ensorcelled Hibernation           Hexes/Ice                    2
   *Confuse                           Hexes                        3
   *Enslavement                       Hexes                        4
   *Invisibility                      Hexes                        6
 x - a book of Geomancy

   Spells                             Type                      Level
   Sandblast                          Earth                        1
   Stoneskin                          Transmutation/Earth          2
   Passwall                           Transmutation/Earth          3
   Stone Arrow                        Conjuration/Earth            3
   Petrify                            Transmutation/Earth          4
   Lee's Rapid Deconstruction         Earth                        5
 T - a book of Unlife

   Spells                             Type                      Level
   Recall                             Summoning/Translocation      3
   Animate Dead                       Necromancy                   4
   Control Undead                     Necromancy                   4
   Twisted Resurrection               Necromancy                   5
   Death Channel                      Necromancy                   6
   Simulacrum                         Ice/Necromancy               6
Miscellaneous
 v - a plain deck of defence {Flight}
 C - a plain deck of defence


   Skills:
 - Level 11.0 Short Blades
 - Level 1.1 Throwing
 - Level 3.0 Dodging
 * Level 24.1 Stealth
 - Level 9.0 Spellcasting
 - Level 13.6 Hexes


You had 15 spell levels left.
You knew the following spells:

 Your Spells              Type           Power        Failure   Level  Hunger
b - Ensorcelled Hibernat  Hex/Ice        ####..       1%          2    None
c - Confuse               Hex            ######..     1%          3    #......
d - Invisibility          Hex            ######..     8%          6    ######.
e - Enslavement           Hex            ######..     1%          4    ###....


Dungeon Overview and Level Annotations

Branches:
Dungeon (10/16)            Temple (0/1) D:5            Lair (8/8) D:9
 Shoals (5/5) Lair:6
    Orc: D:9-12       Swamp: Lair:3-6     Snake: Lair:3-6    Spider: Lair:3-6
  Slime: Lair:6-8

Altars:
Cheibriados
Dithmengos
Elyvilon
Okawaru

Shops:
Shoals:2 =   Shoals:3 *

Annotations:
D:6 Grinder, Natasha
D:7 Prince Ribbit
D:10 Grum
Shoals:3 Agnes
Shoals:4 Saint Roka
Shoals:5 Ilsuiw


Innate Abilities, Weirdness & Mutations

You are tiny and cannot use many weapons and most armour.
You have supernaturally acute eyesight.
You are a herbivore.
You cover ground extremely quickly.
You need consume almost no food.
You have a pair of small horns on your head.
You possess an exceptional clarity of mind.
You are dopey. (Int -2)
Your magical capacity is low (-10% MP).
You are covered in fur (AC +1).
You can spit poison.


Message History

You hear a splash.
The merfolk throws a throwing net.
The throwing net hits you!
You become entangled in the net!
* * * LOW HITPOINT WARNING * * *
You hear a splash.
Drink which item? (? for menu, Esc to quit)
You fade into invisibility!
You are very lightly contaminated with residual magic.
A merfolk impaler and Ilsuiw come into view.
Unknown command.
Unknown command.
Drink which item? (? for menu, Esc to quit)
You feel agile all of a sudden.
Unknown command.
You try to slip out of the net.
The shark bites you but does no damage. The shark misses you.
The merfolk closely misses you.
You try to slip out of the net.
The shark closely misses you. The shark closely misses you.
The merfolk hits you from afar with a runed trident!
You die...

. ≈≈ .≈≈≈ m#≈
.≈≈≈≈
≈.m.###.≈<≈≈≈
≈≈≈........≈≈≈≈
≈≈≈≈m....≈≈≈≈≈≈
≈≈≈≈≈m....≈≈≈≈≈
≈≈≈≈≈≈≈≈..≈≈≈≈≈≈≈
≈≈≈≈≈≈≈;@≈≈≈≈≈≈≈≈
≈≈≈≈≈≈≈≈≈≈≈≈≈≈≈≈≈
≈≈≈≈≈≈≈≈≈≈≈≈≈≈≈
≈≈≈≈≈≈≈≈≈≈≈≈≈≈≈
≈≈≈≈≈≈≈≈≈≈≈≈≈≈≈
≈≈≈≈≈≈≈≈≈≈≈≈≈
≈≈≈≈≈≈≈≈≈≈≈
≈≈≈≈≈≈≈≈≈ ≈≈≈


You could see Ilsuiw (wandering), a merfolk impaler (wandering), a merfolk
javelineer, a merfolk and a shark.

Vanquished Creatures
  Asterion (Shoals:3)
  Polyphemus (Shoals:3)
  A dire elephant (Lair:8)
  A merfolk javelineer (Shoals:2)
  A merfolk impaler (Shoals:2)
  A siren (Shoals:3)
  Fannar (Lair:2)
  Harold (Lair:7)
  A deep troll shaman (Lair:8)
  19 death yaks
  2 catoblepae
  3 sea snakes
  4 harpies (Shoals:2)
  A griffon (Shoals:2)
  2 cyclopes
  4 elephants (Lair:8)
  An octopode (Shoals:5)
  2 black mambas
  3 komodo dragons
  A mermaid (Shoals:5)
  5 spiny frogs
  A two-headed ogre (D:9)
  8 merfolk
  A wind drake (Shoals:2)
  A fire drake (Lair:7)
  3 snapping turtles
  2 grizzly bears (Lair:8)
  2 wyverns (D:8)
  A shark (Shoals:4)
  2 water elementals
  Eustachio (D:6)
  15 yaks
  7 wolves
  8 hippogriffs
  5 manticores
  7 porcupines
  2 dwarves (Lair:2)
  An ice beast (D:8)
  A centaur (Shoals:2)
  3 ogres
  3 tengu (Shoals:4)
  Sigmund (D:7)
  4 crocodiles
  4 giant slugs
  11 water moccasins
  4 giant frogs
  3 agate snails
  A troll zombie (D:7)
  A quasit (D:9)
  2 crimson imps
  An orc wizard (D:7)
  A scorpion (D:7)
  3 hounds
  3 worker ants (Lair:6)
  Natasha (twice) (D:6)
  2 orange rats (D:9)
  11 sheep
  2 iguanas
  An ogre zombie (D:5)
  A hound zombie (D:7)
  Terence (D:3)
  5 adders
  2 giant centipedes (Lair:6)
  26 green rats
  A worm (D:7)
  An orc zombie (D:9)
  A giant gecko (Lair:2)
  8 orcs (D:7)
  9 bats
  3 goblins
  4 hobgoblins
  9 jackals
  2 quokkas
  A ball python (D:1)
  A giant newt (D:7)
  4 kobolds
  A kobold zombie (D:7)
  13 rats
  A fungus (Lair:6)
  4 plants
285 creatures vanquished.

Notes
Turn   | Place    | Note
--------------------------------------------------------------
     0 | D:1      | 4tharraofdagon, the Spriggan Enchanter, began the quest for the Orb.
     0 | D:1      | Reached XP level 1. HP: 9/9 MP: 4/4
   281 | D:3      | Noticed Terence
   286 | D:3      | Killed Terence
   286 | D:3      | Reached XP level 2. HP: 5/13 MP: 7/7
   293 | D:3      | Learned a level 2 spell: Ensorcelled Hibernation
   458 | D:5      | Entered Level 5 of the Dungeon
   490 | D:5      | Noticed an ogre
   499 | D:6      | Noticed Natasha
   501 | D:6      | Killed Natasha
   501 | D:6      | Reached skill level 4 in Hexes
   501 | D:6      | Reached XP level 3. HP: 8/16 MP: 8/11
   507 | D:6      | Learned a level 3 spell: Confuse
   509 | D:6      | Noticed Grinder
   536 | D:6      | Reached XP level 4. HP: 11/21 MP: 10/13
   565 | D:6      | Paralysed by Grinder for 3 turns
   585 | D:6      | Noticed Natasha
   701 | D:6      | Found a shadowy altar of Dithmengos.
   714 | D:6      | Became a worshipper of Dithmengos
   792 | D:7      | Gained mutation: You possess an exceptional clarity of mind. [potion of mutation]
   792 | D:7      | Gained mutation: You are dopey. (Int -2) [potion of mutation]
   792 | D:7      | Gained mutation: You have a pair of small horns on your head. [potion of mutation]
   856 | D:7      | Noticed a yak
   856 | D:7      | Noticed a yak
   856 | D:7      | Noticed a yak
   858 | D:7      | Noticed Sigmund
   864 | D:7      | Killed Sigmund
   864 | D:7      | Reached XP level 5. HP: 18/24 MP: 3/17
   892 | D:7      | Killed a yak
   892 | D:7      | Reached skill level 5 in Stealth
   892 | D:7      | Reached XP level 6. HP: 28/28 MP: 1/20
   968 | D:7      | Reached skill level 5 in Hexes
  1123 | D:8      | Reached skill level 6 in Stealth
  1130 | D:8      | Reached XP level 7. HP: 18/32 MP: 4/21
  1152 | D:8      | Reached skill level 5 in Short Blades
  1152 | D:8      | Reached skill level 7 in Stealth
  1165 | D:8      | Found a white marble altar of Elyvilon.
  1183 | D:8      | Noticed a wyvern
  1197 | D:8      | Killed a wyvern
  1197 | D:8      | Reached skill level 5 in Spellcasting
  1236 | D:8      | Learned a level 6 spell: Invisibility
  1395 | D:6      | Killed Natasha
  1450 | D:7      | Found a flagged portal.
  1454 | D:7      | Noticed Prince Ribbit
  1456 | D:7      | the flagged portal was a mimic.
  1529 | D:6      | Gained mutation: You can spit poison. [potion of beneficial mutation]
  1599 | D:5      | Found a staircase to the Ecumenical Temple.
  1631 | D:5      | Reached skill level 8 in Stealth
  1689 | D:5      | Noticed an ogre
  1691 | D:5      | Killed an ogre
  1737 | D:6      | Noticed Natasha
  1774 | D:6      | Noticed Eustachio
  1788 | D:6      | Killed Eustachio
  1788 | D:6      | Reached XP level 8. HP: 36/36 MP: 15/24
  1835 | D:7      | Learned a level 4 spell: Enslavement
  1932 | D:7      | Noticed an ogre
  1948 | D:7      | Killed an ogre
  1948 | D:7      | Reached skill level 9 in Stealth
  2052 | D:8      | Noticed a wyvern
  2060 | D:8      | Killed a wyvern
  2107 | D:10     | Entered Level 10 of the Dungeon
  2107 | D:10     | Noticed Grum
  2146 | D:9      | Reached skill level 10 in Stealth
  2191 | D:9      | Found a staircase to the Lair.
  2191 | D:9      | Noticed a two-headed ogre
  2194 | D:9      | Killed a two-headed ogre
  2212 | D:9      | Reached XP level 9. HP: 39/39 MP: 5/27
  2294 | D:9      | Reached skill level 11 in Stealth
  2458 | Lair:1   | Entered Level 1 of the Lair of Beasts
  2458 | Lair:1   | Noticed a spiny frog
  2461 | Lair:1   | Killed a spiny frog
  2467 | Lair:1   | Reached skill level 12 in Stealth
  2478 | Lair:2   | Noticed Fannar
  2552 | Lair:2   | Killed Fannar
  2552 | Lair:2   | Reached XP level 10. HP: 44/44 MP: 14/29
  2561 | Lair:2   | Reached skill level 10 in Hexes
  2684 | Lair:2   | Reached skill level 13 in Stealth
  2727 | Lair:2   | Found an iron altar of Okawaru.
  3031 | Lair:3   | Reached skill level 14 in Stealth
  3162 | Lair:3   | Found a snail-covered altar of Cheibriados.
  3373 | Lair:6   | Found a staircase to the Shoals.
  3427 | Lair:6   | Noticed a death yak
  3428 | Lair:6   | Noticed a death yak
  3429 | Lair:6   | Noticed a death yak
  3437 | Lair:6   | Killed a death yak
  3437 | Lair:6   | Reached XP level 11. HP: 47/47 MP: 17/31
  3438 | Lair:6   | Killed a death yak
  3466 | Lair:6   | Reached skill level 15 in Stealth
  3587 | Lair:7   | Noticed Harold
  3595 | Lair:7   | Killed Harold
  3646 | Lair:7   | Noticed a death yak
  3648 | Lair:7   | Noticed a death yak
  3656 | Lair:7   | Noticed a death yak
  3659 | Lair:7   | Noticed a death yak
  3659 | Lair:7   | Noticed a death yak
  3661 | Lair:7   | Killed a death yak
  3663 | Lair:7   | Killed a death yak
  3663 | Lair:7   | Reached skill level 16 in Stealth
  3665 | Lair:7   | Killed a death yak
  3668 | Lair:7   | Killed a death yak
  3677 | Lair:7   | Killed a death yak
  3796 | Lair:8   | Entered Level 8 of the Lair of Beasts
  3875 | Lair:8   | Acquired Dithmengos' first power
  3935 | Lair:8   | Reached skill level 17 in Stealth
  3964 | Lair:8   | Reached skill level 10 in Short Blades
  3964 | Lair:8   | Reached XP level 12. HP: 51/51 MP: 22/32
  3990 | Lair:8   | Noticed a death yak
  3990 | Lair:8   | Noticed a catoblepas
  3991 | Lair:8   | Noticed a death yak
  3991 | Lair:8   | Noticed a death yak
  3994 | Lair:8   | Killed a death yak
  3995 | Lair:8   | Killed a death yak
  3997 | Lair:8   | Killed a catoblepas
  4000 | Lair:8   | Killed a death yak
  4000 | Lair:8   | Reached skill level 18 in Stealth
  4001 | Lair:8   | Noticed a deep troll shaman
  4002 | Lair:8   | Noticed a dire elephant
  4006 | Lair:8   | Killed a deep troll shaman
  4008 | Lair:8   | Killed a dire elephant
  4107 | Lair:8   | Noticed a death yak
  4107 | Lair:8   | Noticed a death yak
  4113 | Lair:8   | Noticed a death yak
  4113 | Lair:8   | Noticed a death yak
  4114 | Lair:8   | Noticed a death yak
  4116 | Lair:8   | Noticed a death yak
  4117 | Lair:8   | Killed a death yak
  4121 | Lair:8   | Killed a death yak
  4122 | Lair:8   | Killed a death yak
  4123 | Lair:8   | Killed a death yak
  4123 | Lair:8   | Reached skill level 19 in Stealth
  4126 | Lair:8   | Killed a death yak
  4128 | Lair:8   | Killed a death yak
  4234 | Lair:8   | Reached skill level 20 in Stealth
  4434 | Lair:6   | Identified a scroll of acquirement
  4577 | Lair:6   | Killed a death yak
  4577 | Lair:6   | Reached XP level 13. HP: 55/55 MP: 31/33
  4609 | Shoals:1 | Entered Level 1 of the Shoals
  4709 | Shoals:2 | Gained mutation: You are covered in fur (AC +1). [potion of beneficial mutation]
  4760 | Shoals:2 | Reached skill level 21 in Stealth
  4822 | Shoals:3 | Found Effa's General Store.
  4822 | Shoals:3 | Noticed Polyphemus
  4830 | Shoals:3 | Killed Polyphemus
  4830 | Shoals:3 | Reached skill level 22 in Stealth
  4832 | Shoals:3 | Acquired Dithmengos' second power
  4870 | Shoals:3 | Bought a potion of restore abilities for 42 gold pieces
  4870 | Shoals:3 | Bought a scroll of teleportation for 42 gold pieces
  4905 | Shoals:2 | Noticed a merfolk javelineer
  4918 | Shoals:2 | Killed a merfolk javelineer
  4922 | Shoals:2 | Reached skill level 23 in Stealth
  4949 | Shoals:2 | Found Soevomeh's Jewellery Shop.
  4990 | Shoals:2 | Gained mutation: Your magical capacity is low (-10% MP). [mutagenic glow]
  5059 | Shoals:2 | Bought the ring "Khyen" {+Blink rElec SInv} for 451 gold pieces
  5062 | Shoals:3 | Noticed Agnes
  5147 | Shoals:3 | Noticed Asterion
  5155 | Shoals:3 | Killed Asterion
  5185 | Shoals:4 | Noticed Saint Roka
  5378 | Shoals:5 | Entered Level 5 of the Shoals
  5405 | Shoals:5 | Reached skill level 24 in Stealth
  5460 | Shoals:5 | Noticed a merfolk javelineer
  5463 | Shoals:5 | Noticed Ilsuiw
  5465 | Shoals:5 | Slain by a merfolk

Action                   |  1- 3 |  4- 6 |  7- 9 | 10-12 | 13-15 || total
-------------------------+-------+-------+-------+-------+-------++-------
Melee: Dagger            |    40 |    41 |   117 |   164 |       ||   362
       Quick blade       |       |       |       |    22 |   161 ||   183
Throw: Dart              |     8 |       |       |       |       ||     8
 Cast: Corona            |     9 |       |       |       |       ||     9
       Ensorcelled Hiber |     3 |    18 |    48 |    59 |    24 ||   152
       Confuse           |       |       |     9 |     1 |     4 ||    14
       Invisibility      |       |       |       |     4 |     2 ||     6
Evoke: Wand              |       |     2 |     4 |     2 |     2 ||    10
  Use: Scroll            |     3 |     3 |     4 |    21 |     5 ||    36
       Potion            |     1 |     3 |     1 |       |     7 ||    12
 Stab: Sleeping          |     7 |    16 |    30 |   139 |    45 ||   237
       Invisible         |     1 |       |       |     3 |       ||     4
       Confused          |       |       |     7 |       |     2 ||     9
       Distracted        |       |       |       |     1 |       ||     1
